 Dungeon Crawl Stone Soup version 0.31.0-32-g396128a36d (webtiles) character file.

Game seed: 13949734736738390447

121 Marvel the Trooper (level 5, 0/46 HPs)
             Began as a Hill Orc Fighter on Mar 24, 2024.
             Slain by a gnoll sergeant
             ... wielding a +0 trident
              (8 damage)
             ... on level 5 of the Dungeon.
             The game lasted 00:02:08 (1461 turns).

Marvel the Trooper (Hill Orc Fighter)               Turns: 1461, Time: 00:02:09

Health: 0/46       AC:  7    Str: 21    XL:     5   Next: 5%
Magic:  5/5        EV:  9    Int:  8    God:
Gold:   90         SH:  4    Dex: 10    Spells: 4/4 levels left

rFire   . . .        a - +0 war axe
rCold   . . .        c - +0 buckler
rNeg    . . .        b - +0 scale mail
rPois   .            (no helmet)
rElec   .            (no cloak)
rCorr   .            (no gloves)
SInv    .            (no boots)
Will    .....        (no amulet) Stlth
                     (no ring)
HPRegen 0.27/turn    (no ring)
MPRegen 0.09/turn

%: no passive effects
@: no status effects
A: no striking features
a: no special abilities


You were on level 5 of the Dungeon.
You visited 2 branches of the dungeon, and saw 5 of its levels.

You collected 90 gold pieces.

Inventory:

Hand Weapons
 a - a +0 war axe (weapon)
Missiles
 g - 2 poisoned darts (quivered)
Armour
 b - a +0 scale mail (worn)
 c - a +0 buckler (worn)
Jewellery
 f - a ring of fire
Scrolls
 i - a scroll of teleportation {unknown}
 j - a scroll of vulnerability
 k - 2 scrolls of identify
Potions
 d - a potion of might
 e - a potion of ambrosia {unknown}
 h - 2 potions of heal wounds {unknown}
 l - a potion of invisibility {unknown}


   Skills:
 + Level 4.3 Fighting
 + Level 4.2 Axes
 + Level 4.3 Armour
 + Level 0.4 Dodging
 + Level 3.9 Shields


You had 4 spell levels left.
You didn't know any spells.
Your spell library contained the following spells:

 Spells                   Type           Power      Damage    Failure   Level
 Ensorcelled Hibernation  Hex/Ice        0%         N/A       91%         2
 Inner Flame              Hex/Fire       0%         N/A       99%         3
 Passwall                 Erth           0%         N/A       99%         3
 Swiftness                Air            0%         N/A       99%         3
 Olgreb's Toxic Radiance  Alch           0%         N/A       100%        4
 Irradiate                Conj/Alch      0%         3d11      100%        5
 Ozocubu's Refrigeration  Ice            0%         4d7       100%        7
 Discord                  Hex            0%         N/A       100%        8
 Ignition                 Fire           0%         3d3       100%        8


Dungeon Overview and Level Annotations

Branches:
Dungeon (5/15)             Temple (1/1) D:5

Altars:
Ashenzari
Cheibriados
Elyvilon
Fedhas
Nemelex Xobeh
Ru
Sif Muna
Vehumet
Wu Jian
Xom
Yredelemnul
Zin


Message History

The scorpion stings you but does no damage. x2
You slash the scorpion!
You kill the scorpion!
Your Axes skill increases to level 4!
You have reached level 5!
You feel stronger.
l - a smoky cyan potion HP restored.
A centaur and a gnoll come into view.
The centaur shouts!
You hear a shout! x4
The centaur wields a +0 shortbow.
The centaur shoots an arrow.
The arrow barely misses you.
A gnoll comes into view. It is wielding a +0 halberd.
You hear a shout!
You hear a bark!
A gnoll sergeant and 3 gnolls come into view.
A gnoll is wielding a +1 spear of venom.
The gnoll sergeant shouts!
The gnoll shouts!
The centaur shoots an arrow.
The arrow hits you! The gnoll hits you but does no damage.
The gnoll sergeant hits you from afar with a +0 trident!
A phantom comes into view.
A hound comes into view.
The hound barks!
The centaur unwields a +0 shortbow.
The centaur barely misses you.
The centaur kicks you but does no damage.
The gnoll sergeant hits you from afar with a +0 trident!
The gnoll misses you. x2; The centaur hits you.
The centaur kicks you.
The hound moves out of view.
As you read the scroll labelled COLERPH ARGHYINEIKH, it crumbles to dust.
It is a scroll of identify.
j - a scroll of vulnerability The centaur hits you.
* * * LOW HITPOINT WARNING * * *
The centaur kicks you.
* * * LOW HITPOINT WARNING * * *
The gnoll closely misses you. You block the gnoll's attack.
The gnoll hits you from afar with a +0 spear.
* * * LOW HITPOINT WARNING * * *
The gnoll sergeant hits you from afar with a +0 trident!
You die...

#..##......
#####
#####.###......
#.... #.....#
####### #....
##.####### #....
#.........
#....##.########
.g.g.#.#
#.#.#g#g#.#
....Wgc@..#
#.#.#g#.#.....#
...h.......#
#.#.#.#.....+
.>...........#
#.#.# #.#.#.###
.... ..).#.# .#
#.#.#.#


You could see a phantom, a gnoll sergeant, a centaur, a hound and 5 gnolls.

Vanquished Creatures
  A scorpion (D:5)
  A hound (D:5)
  2 adders (D:4)
  3 ball pythons (D:1)
  An endoplasm (D:1)
  4 hobgoblins (D:1)
  A kobold (D:1)
  A quokka (D:1)
  A bat (D:1)
  A goblin (D:1)
  3 rats (D:1)
19 creatures vanquished.

Notes
Turn   | Place    | Note
-------+----------+-------------------------------------------
     0 | D:1      | Marvel the Hill Orc Fighter began the quest for the Orb.
     0 | D:1      | Reached XP level 1. HP: 19/19 MP: 1/1
   241 | D:1      | Reached XP level 2. HP: 26/27 MP: 2/2
   861 | D:2      | You fall into a shaft and drop 2 floors!
   880 | D:4      | Reached XP level 3. HP: 33/33 MP: 3/3
  1187 | D:4      | Noticed an ogre
  1199 | D:5      | Entered Level 5 of the Dungeon
  1251 | D:5      | Reached XP level 4. HP: 37/40 MP: 4/4
  1323 | D:5      | Found a staircase to the Ecumenical Temple.
  1328 | Temple   | Entered the Ecumenical Temple
  1404 | D:5      | Noticed a scorpion
  1411 | D:5      | Killed a scorpion
  1412 | D:5      | Reached XP level 5. HP: 41/46 MP: 5/5
  1458 | D:5      | Noticed a centaur
  1459 | D:5      | Noticed a phantom
  1461 | D:5      | Slain by a gnoll sergeant

Illustrated notes

Levels and vault maps discovered:
D:1:      lemuel_arrival_river_ford, layout_basic, kennysheep_decorative_pillar
D:2:      wad_lake_hut, layout_loops_ring,
          dreamdust_ecumenical_altar_drowned_temple, serial_shops,
          nicolae_shop_trees, grunt_decor_mini_mirrors, wad_floor_pattern_2,
          grunt_ministairs_3
D:4:      layout_basic, serial_bayou_crossing
D:5:      layout_basic, minmay_temple_entry_offerings, st_stairs_9,
          wad_rectangle_vault
Temple:   nicolae_temple_hex_pool

Skill      XL: |  1  2  3  4 |
---------------+-------------+-----
Axes           | 3 4 |  4.2
Fighting       | 4 |  4.3
Armour         | 4 |  4.3
Dodging        | |  0.4
Shields        | |  3.9

Action                     |  1- 3 |  4- 6 || total
---------------------------+-------+-------++-------
  Melee: War axe           |    71 |     5 ||    76
    Use: Scroll            |       |     1 ||     1
 Armour: Scale mail        |    48 |    15 ||    63
  Dodge: Dodged            |    44 |     8 ||    52
  Block: Buckler           |    16 |     2 ||    18
